 Dungeon Crawl Stone Soup version 0.28.0-45-g0d030f2227 (webtiles) character file.

Game seed: 2471121619783560830

5 Kaptain the Digger (level 1, 0/11 HPs)
             Began as a Gargoyle Earth Elementalist on Apr 13, 2022.
             Slain by a jackal (1 damage)
             ... on level 1 of the Dungeon.
             The game lasted 00:00:59 (60 turns).

Kaptain the Digger (Gargoyle Earth Elementalist)      Turns: 60, Time: 00:01:00

Health: 0/11       AC:  4    Str: 11    XL:     1   Next: 80%
Magic:  1/3        EV: 12    Int: 15    God:
Gold:   0          SH:  0    Dex: 10    Spells: 3/4 levels left

rFire   . . .      SeeInvis .   (no weapon)
rCold   . . .      Faith    .   (no shield)
rNeg    + . .      Spirit   .   b - +0 robe
rPois   ∞          Reflect  .   (no helmet)
rElec   +          Harm     .   (no cloak)
rCorr   .          Rampage  .   (no gloves)
Will    .....                   (no boots)
Stlth   ++........              (no amulet)
HPRegen 0.03/turn               (no ring)
MPRegen 0.08/turn               (no ring)

@: no status effects
A: sickness immunity, AC +2, negative energy resistance 1, electricity
resistance, torment resistance 1, petrification resistance
a: no special abilities


You were on level 1 of the Dungeon.
You visited 1 branch of the dungeon, and saw 1 of its levels.

Inventory:

Missiles
 a - 6 boomerangs (quivered)
 c - 24 stones
Armour
 b - a +0 robe (worn)


   Skills:
 * Level 0.3 Fighting
 + Level 0.1 Armour
 + Level 1.6 Dodging
 - Level 2.1 Stealth
 * Level 2.0 Spellcasting
 * Level 0.3 Conjurations
 - Level 0.7 Transmutations
 * Level 3.7 Earth Magic


You had 3 spell levels left.
You knew the following spells:

 Your Spells              Type           Power      Damage    Failure   Level
a - Sandblast             Erth           24%        2d8       4%          1

Your spell library contained the following spells:

 Spells                   Type           Power      Damage    Failure   Level
 Passwall                 Tmut/Erth      6%         N/A       13%         2
 Stone Arrow              Conj/Erth      14%        3d7       28%         3
 Petrify                  Tmut/Erth      8%         N/A       65%         4


Dungeon Overview and Level Annotations

Branches:
Dungeon (1/15)

Altars:


Innate Abilities, Weirdness & Mutations

You are immune to sickness and miasma.
Your stone body is resilient. (AC +2)
You are immune to poison.
You resist negative energy. (rN+)
You are resistant to electric shocks. (rElec)
You are resistant to unholy torment.
You are immune to petrification.


Message History

Unknown command.
Unknown command.
Unknown command.
Throw: 6 boomerangs
Press: ? - help, Q - select action, (/) - cycle Shift-Dir - straight line, f - jackal
Aim: a jackal (45% to hit)
You throw a boomerang. The boomerang hits the jackal.
The jackal is moderately wounded.
The jackal bites you.
* * * LOW HITPOINT WARNING * * *
Throw: 6 boomerangs
Press: ? - help, Q - select action, (/) - cycle Shift-Dir - straight line, f/p - jackal
Aim: a jackal (moderately wounded, 45% to hit)
You throw a boomerang. The boomerang barely misses the jackal.
The boomerang closely misses the jackal.
The jackal bites you.
* * * LOW HITPOINT WARNING * * *
Unknown command.
Throw: 6 boomerangs
Press: ? - help, Q - select action, (/) - cycle Shift-Dir - straight line, f/p - jackal
Aim: a jackal (moderately wounded, 45% to hit)
You throw a boomerang. The boomerang barely misses the jackal.
The boomerang misses the jackal.
The jackal closely misses you.
The jackal bites you but does no damage.
Throw: 6 boomerangs
Press: ? - help, Q - select action, (/) - cycle Shift-Dir - straight line, f/p - jackal
Aim: a jackal (lightly wounded, 45% to hit)
You throw a boomerang.
The boomerang hits the jackal but does no damage.
The jackal barely misses you.
The jackal bites you but does no damage.
Your magical contamination has completely faded away.
Throw: 6 boomerangs
Press: ? - help, Q - select action, (/) - cycle Shift-Dir - straight line, f/p - jackal
Aim: a jackal (lightly wounded, 45% to hit)
You throw a boomerang. The boomerang misses the jackal.
The boomerang barely misses the jackal.
The jackal closely misses you. The jackal bites you.
You die...

.≈≈≈≈≈.≈≈≈≈≈≈##
≈≈≈≈≈≈.≈≈≈≈≈≈≈##
≈≈8≈≈.≈≈≈≈≈8≈≈≈#
≈≈≈≈.≈≈≈≈≈≈≈≈≈≈##
≈≈≈≈.≈≈≈≈≈≈≈≈≈≈.#
≈≈≈≈.≈≈≈≈≈≈≈≈≈≈.#######
≈≈≈≈≈..<≈≈≈≈≈≈≈.......+
≈≈≈≈≈≈>..≈≈≈≈≈≈.#######
≈≈≈≈≈≈≈≈≈@≈≈≈≈≈.#
≈≈≈≈≈≈≈≈≈h≈≈≈≈≈.# ##
≈≈≈≈≈≈≈≈≈h≈≈≈≈≈.# #...
≈≈8≈≈≈≈≈.≈≈8≈≈≈.##.....
≈≈≈≈≈≈≈†≈≈≈≈≈≈#..$.#
.≈≈≈≈≈≈.≈≈≈≈≈#...###
..≈≈≈≈≈≈.≈≈≈....##
#............##.#
#.######........#


You could see 2 jackals.

Vanquished Creatures
  A ball python (D:1)
  A hobgoblin (D:1)
  2 jackals (D:1)
4 creatures vanquished.

Notes
Turn   | Place    | Note
-------+----------+-------------------------------------------
     0 | D:1      | Kaptain the Gargoyle Earth Elementalist began the quest for
                  | the Orb.
     0 | D:1      | Reached XP level 1. HP: 10/10 MP: 3/3
    60 | D:1      | Slain by a jackal

Illustrated notes

Levels and vault maps discovered:
D:1:      nzn_arrival_water_spiral, layout_basic,
          dreamdust_ecumenical_altar_hidden_monk_grotto

Action                   || total
-------------------------++-------
Melee: Unarmed           ||     7
Throw: Boomerang         ||     5
 Cast: Sandblast         ||     6
Armor: Robe              ||     4
Dodge: Dodged            ||    10
